 Dungeon Crawl Stone Soup version 0.31-a0-549-gf98fd537a9 (webtiles) character file.

Game seed: 2193787709040376614

695 AdnanSaban the Cudgeller (level 7, -11/44 HPs)
             Began as a Gargoyle Fighter on Aug 16, 2023.
             Mangled by an ogre
             ... wielding a +0 giant club
              (25 damage)
             ... on level 4 of the Dungeon.
             The game lasted 00:03:31 (3539 turns).

AdnanSaban the Cudgeller (Gargoyle Fighter)         Turns: 3539, Time: 00:03:32

Health: -11/44     AC: 18    Str: 21    XL:     7   Next: 64%
Magic:  7/7        EV:  6    Int:  9    God:
Gold:   201        SH:  4    Dex:  9    Spells: 6/6 levels left

rFire   + . .        a - +0 flail
rCold   . . .        c - +0 buckler
rNeg    + . .        k - +0 plate armour
rPois   ∞            r - +0 helmet
rElec   +            (no cloak)
rCorr   .            (no gloves)
SInv    .            (no boots)
Will    .....        (no amulet) Stlth
                     s - ring of protection from fire
HPRegen 0.27/turn    (no ring)
MPRegen 0.10/turn

%: no passive effects
@: no status effects
A: sickness immunity, AC +4, negative energy resistance 1, electricity
resistance, torment resistance 1, petrification resistance
a: no special abilities


You were on level 4 of the Dungeon.
You visited 1 branch of the dungeon, and saw 4 of its levels.
You also visited: Sewer.

You collected 201 gold pieces.

Inventory:

Hand Weapons
 a - a +0 flail (weapon)
Missiles
 f - 4 poisoned darts (quivered)
 m - 5 boomerangs
Armour
 c - a +0 buckler (worn)
 k - a +0 plate armour (worn)
 r - a +0 helmet (worn)
Jewellery
 s - a ring of protection from fire (left hand)
Scrolls
 e - 3 scrolls of noise {unknown}
 g - a scroll of poison {unknown}
 h - a scroll of immolation {unknown}
 i - 3 scrolls of revelation {unknown}
 j - 2 scrolls of identify {unknown}
 l - a scroll of vulnerability {unknown}
 q - a scroll of amnesia {unknown}
 t - a scroll of fear {unknown}
 u - 2 scrolls of enchant armour {unknown}
 v - a scroll of fog {unknown}
Potions
 b - 5 potions of mutation {unknown}
 d - 2 potions of might
 n - 2 potions of curing {unknown}
 o - 3 potions of enlightenment {unknown}
 p - a potion of attraction {unknown}
 w - 3 potions of resistance {unknown}
 x - a potion of cancellation {unknown}
 z - a potion of haste {unknown}


   Skills:
 + Level 4.6 Fighting
 + Level 5.6 Maces & Flails
 + Level 1.0 Throwing
 + Level 5.4 Armour
 + Level 0.5 Dodging
 + Level 4.5 Shields


You had 6 spell levels left.
You didn't know any spells.
Your spell library contained the following spells:

 Spells                   Type           Power      Damage    Failure   Level
 Summon Guardian Golem    Hex/Summ       0%         N/A       100%        3
 Manifold Assault         Tloc           0%         N/A       100%        4
 Dispersal                Tloc           0%         N/A       100%        6
 Orb of Destruction       Conj           0%         9d5       100%        7
 Spellforged Servitor     Conj/Summ      0%         N/A       100%        7
 Disjunction              Tloc           0%         N/A       100%        8


Dungeon Overview and Level Annotations

Branches:
Dungeon (4/15)              Sewer (visited)
 Temple: D:4-7

Altars:
Elyvilon
Gozag
Qazlal
Zin

Annotations:
D:4 2 runed translucent doors, Ethylacetat's ghost, amateur OpGl


Innate Abilities, Weirdness & Mutations

You are immune to sickness and miasma.
Your stone body is resilient. (AC +4)
You are immune to poison.
You resist negative energy. (rN+)
You are resistant to electric shocks. (rElec)
You are resistant to unholy torment.
You are immune to petrification.


Message History

No target in view!
Found an escape hatch in the floor.
x - a red potion No target in view!
There is an escape hatch in the floor here.
Found a sling and a short sword.
You now have 201 gold pieces (gained 10).
z - a grey potion
b - 5 orange potions (gained 1)
A gnoll comes into view. It is wielding a +0 spear.
A gnoll comes into view. It is wielding a +0 halberd.
Found a stone staircase leading up.
The gnoll shouts!
You hear a shout! x2
A gnoll sergeant comes into view. It is wielding a +5 spear.
Found a stone staircase leading down.
An ogre comes into view. It is wielding a +0 giant club.
The ogre shouts!
You hit the gnoll.
The gnoll is moderately wounded.
The gnoll hits you but does no damage. x2
You sock the gnoll!
The gnoll is almost dead.
You block the ogre's attack. The gnoll barely misses you.
You block the gnoll sergeant's attack.
You thump the gnoll!
You kill the gnoll!
The gnoll sergeant barely misses you.
You barely miss the ogre. The ogre barely misses you.
The gnoll sergeant hits you from afar with a +5 spear!
You hit the ogre.
The ogre is lightly wounded.
The ogre hits you with a +0 giant club!!
Ouch! That really hurt!
* * * LOW HITPOINT WARNING * * *
A gnoll comes into view. It is wielding a +0 club.
The gnoll sergeant hits you but does no damage.
The gnoll shouts!
The ogre hits you with a +0 giant club!!
Ouch! That really hurt!
You die...

#.# #.##.# #.#
#.##.# #.... #.#
#.##.# .>.# # #
#.# #.##.# ...##.
.# ###.###.[..#
..... ..
...........#
##J.##.#
.########..#
#....... .#
#..#####.O.###..#
.#
#.......@.g.g...#
.#
#.######.).###.##
.# #...# #.......
.# #...# #...####
## #...# #..g#
##.## #...< # #.#
#.#... # #.#
#...... # #.#


You could see an ogre, a gnoll sergeant, a jelly and 2 gnolls.

Vanquished Creatures
  Grinder (D:3)
  Pargi (Sewer)
  An ogre (D:4)
  The ghost of AdnanSaban the Covered, an amateur GrFi (D:3)
  A jelly (D:3)
  Terence (D:2)
  Natasha (thrice) (D:2)
  A gnoll (D:4)
  4 adders
  2 worms (D:4)
  An orc (D:4)
  6 endoplasms
  6 giant cockroaches
  3 goblins
  10 hobgoblins
  A quokka (D:3)
  8 ball pythons
  6 frilled lizards
  11 kobolds
  5 rats
73 creatures vanquished.

Notes
Turn   | Place    | Note
-------+----------+-------------------------------------------
     0 | D:1      | AdnanSaban the Gargoyle Fighter began the quest for the
                  | Orb.
     0 | D:1      | Reached XP level 1. HP: 14/14 MP: 1/1
   181 | D:1      | Reached XP level 2. HP: 19/19 MP: 2/2
   680 | D:2      | Found a faded altar of an unknown god.
   687 | D:2      | Reached XP level 3. HP: 23/24 MP: 3/3
   899 | D:2      | Reached XP level 4. HP: 28/29 MP: 4/4
  1049 | D:2      | Noticed Natasha
  1061 | D:2      | Killed Natasha
  1268 | D:2      | Noticed Terence
  1278 | D:2      | Killed Terence
  1279 | D:2      | Reached XP level 5. HP: 11/33 MP: 5/5
  1408 | D:2      | Noticed Natasha
  1425 | D:2      | Killed Natasha
  1668 | D:2      | Noticed Natasha
  1678 | D:2      | Killed Natasha
  1892 | D:3      | Noticed Grinder
  1905 | D:3      | Paralysed by Grinder for 3 turns
  1919 | D:3      | Paralysed by Grinder for 4 turns
  1937 | D:3      | Paralysed by Grinder for 4 turns
  1945 | D:3      | Paralysed by Grinder for 3 turns
  1952 | D:3      | Killed Grinder
  1953 | D:3      | Reached skill level 5 in Maces & Flails
  1953 | D:3      | Reached XP level 6. HP: 10/39 MP: 6/6
  2081 | D:3      | Found a white marble altar of Elyvilon.
  2175 | D:3      | Found a glowing silver altar of Zin.
  2232 | D:3      | Found a runed translucent door.
  2248 | D:3      | Noticed AdnanSaban's ghost (amateur GrFi)
  2344 | D:3      | Found a faded altar of an unknown god.
  2347 | D:3      | Found an opulent altar of Gozag.
  2586 | D:3      | Killed AdnanSaban's ghost
  2587 | D:3      | Reached XP level 7. HP: 20/44 MP: 7/7
  2807 | D:4      | Reached skill level 5 in Armour
  3034 | D:4      | Found a stormy altar of Qazlal.
  3079 | D:4      | Found a glowing drain.
  3101 | Sewer    | Entered a sewer
  3187 | Sewer    | Noticed Pargi
  3206 | Sewer    | Killed Pargi
  3207 | Sewer    | Reached skill level 1 in Throwing
  3409 | D:4      | Found a large runed translucent door.
  3442 | D:4      | Found a large runed translucent door.
  3445 | D:4      | Noticed Ethylacetat's ghost (amateur OpGl)
  3539 | D:4      | Mangled by an ogre

Illustrated notes

Levels and vault maps discovered:
D:1:      dpeg_arrival_shelter, layout_loops_cross, minmay_worlds_worst_comb
D:2:      layout_basic, ebering_ecumenical_altar_sacrificial, uniq_natasha,
          uniq_terence
D:3:      layout_rooms, nicolae_overflow_ecumenical_swirl, elyvilon_altar_4,
          mainiacjoe_overflow_24_doors, gammafunk_ghost_grave,
          serial_park_tiny_2, uniq_grinder
D:4:      layout_loops_ring, lemuel_coloured_pillars_altar,
          nicolae_overflow_hidden_temple, cheibrodos_sewer_entry_drain,
          ebering_ghost_disaster_area, nicolae_titane

Skill      XL: |  1  2  3  4  5  6  7 |
---------------+----------------------+-----
Maces & Flails | 3 5 |  5.6
Fighting       | 4 |  4.6
Armour         | 4 5 |  5.4
Shields        | 4 |  4.5
Throwing       | 1 |  1.0
Dodging        | |  0.5

Action                     |  1- 3 |  4- 6 |  7- 9 || total
---------------------------+-------+-------+-------++-------
  Melee: Flail             |   106 |   166 |    75 ||   347
  Throw: Dart              |       |     5 |     1 ||     6
         Boomerang         |       |     4 |       ||     4
 Armour: Scale mail        |    50 |       |       ||    50
         Plate armour      |    22 |   116 |    58 ||   196
  Dodge: Dodged            |    57 |    47 |    25 ||   129
  Block: Buckler           |    31 |    29 |    22 ||    82

Table legend: (Time is in decaauts)
 A = Elapsed time spent in this place.
 B = Non-inter-level travel time spent in this place.
 C = Inter-level travel time spent in this place.
 D = Time resting spent in this place.
 E = Time spent auto-exploring this place.
 F = Levels seen in this place.
 G = Mean time per level.
                   A        B        C        D        E       F      G
               +--------+--------+--------+--------+--------+-----+--------+
         Total |   3674 |   3539 |    135 |      0 |   2725 |   5 |  734.8 |
       Dungeon |   3372 |   3237 |    135 |      0 |   2514 |   4 |  843.0 |
         Sewer |    302 |    302 |      0 |      0 |    210 |   1 |  302.0 |
               +--------+--------+--------+--------+--------+-----+--------+

Top non-repeatable levels by time:
     D:2: 1132 daAuts
     D:3: 1049 daAuts
     D:1: 682 daAuts
     D:4: 507 daAuts
   Sewer: 302 daAuts
